 Dungeon Crawl Stone Soup version 0.17-a0-1481-gfdcec5c (webtiles) character file.

2475 DarthRa the Protected (level 9, -1/69 HPs)
             Began as a Deep Dwarf Artificer on July 4, 2015.
             Was an Initiate of Nemelex Xobeh.
             Slain by vlad's ghost (20 damage)
             ... on level 7 of the Dungeon.
             The game lasted 00:43:37 (6300 turns).

DarthRa the Protected (Deep Dwarf Artificer)        Turns: 6300, Time: 00:43:37

Health: -1/69      AC: 17    Str: 16      XL:     9   Next: 27%
Magic:  8/8        EV:  8    Int: 13      God:    Nemelex Xobeh [......]
Gold:   357        SH:  0    Dex: 14 (15) Spells: 0 memorised, 8 levels left

rFire  . . .     SeeInvis .     M - +2 falchion
rCold  . . .     Clarity  .     N - +0 plate armour
rNeg   . . .     SustAt   .     (no shield)
rPois  .         Gourm    .     (no helmet)
rElec  .         Spirit   .     B - +0 cloak
rCorr  .         Warding  .     (no gloves)
rMut   .         Stasis   .     (no boots)
MR     +....                    (no amulet)
Stlth  ..........               (no ring)
                                (no ring)

@: non-regenerating, somewhat resistant to hostile enchantments, extremely
unstealthy
A: damage resistance, recharge devices, sense surroundings 2, slow healing 3
a: Device Recharging, Renounce Religion


You were on level 7 of the Dungeon.
You worshipped Nemelex Xobeh.
Nemelex Xobeh was noncommittal.
You were not hungry.

You visited 2 branches of the dungeon, and saw 8 of its levels.

You collected 357 gold pieces.

Inventory:

Hand weapons
 a - a +0 short sword
 p - a +0 hunting sling
 q - a +0 hunting sling
 t - a +0 spear
 v - a +2 rapier of draining
 z - a +1 whip of venom
 M - a +2 falchion (weapon)
 O - a +0 battleaxe
Missiles
 s - 209 stones
 K - a throwing net
 P - 4 javelins (quivered)
Armour
 b - a +0 leather armour
 n - a +0 ring mail
 B - a +0 cloak (worn)
 C - a +0 leather armour
 L - a +0 scale mail
 N - a +0 plate armour (worn)
Magical devices
 c - a wand of flame (0)
 d - a wand of enslavement (12)
 e - a wand of random effects (0)
 f - a wand of heal wounds (2)
 r - a wand of magic darts (0)
 F - a wand of paralysis (0)
Scrolls
 h - 3 scrolls of teleportation {unknown}
 j - 4 scrolls of identify
 l - 2 scrolls of amnesia {unknown}
 o - 5 scrolls of remove curse
 u - 4 scrolls of magic mapping {unknown}
 x - 2 scrolls of enchant armour {unknown}
 y - 4 scrolls of immolation {unknown}
 E - 2 scrolls of noise {unknown}
 I - a scroll of recharging {unknown}
Potions
 w - a potion of invisibility
 H - a potion of agility
Miscellaneous
 i - an ornate deck of war
Comestibles
 g - 7 bread rations
 k - 5 chunks of flesh
 m - 19 fruits
 A - a royal jelly
 G - 3 meat rations


   Skills:
 - Level 0.8 Fighting
 - Level 0.8 Short Blades
 * Level 12.3 Armour
 - Level 5.4 Dodging
 - Level 1.2 Stealth
 - Level 4.0 Evocations


You had 8 spell levels left.
You didn't know any spells.

Dungeon Overview and Level Annotations

Branches:
Dungeon (7/15)             Temple (1/1) D:7

Altars:
Ashenzari
Cheibriados
Dithmenos
Elyvilon
Fedhas
Gozag
Kikubaaqudgha
Makhleb
Nemelex Xobeh
Okawaru
Qazlal
Ru
Trog
Vehumet
Xom
Yredelemnul
Zin
The Shining One

Annotations:
D:7 vlad's ghost, experienced TrMo


Innate Abilities, Weirdness & Mutations

You are resistant to damage.
You can recharge devices by infusing magical energy.
You passively map the area around you.
You do not heal naturally.


Message History

Nemelex Xobeh grants you a gift! Something appears at your feet!
Found a glowing silver altar of Zin.
You see here an ornate deck of war.
i - an ornate deck of war You are feeling hungry.
Eat one of 6 chunks of flesh? (ye/n/q/i?) This raw flesh tastes terrible.
You continue eating. x2
Found an ancient bone altar of Kikubaaqudgha.
There is a radiant altar of Vehumet here.
There is a blossoming altar of Fedhas here.
Done exploring.
Done exploring.
There is a staircase back to the Dungeon, spattered with blood here.
You climb upwards.
Welcome back to the Dungeon!
Level annotation: vlad's ghost, experienced TrMo Vlad's ghost hits you!!
You die...
Your body disappears without a glow.

* * , , , ,....##### ,
, * ....... ,* , * , *
, ##..?..###.# .... *,
. #≈≈≈≈≈≈≈≈≈#.# ... *
,,..#≈#.....#≈#.##...,
, *,
...≈.......≈...... , *
, ...≈...W...≈....# *,
*
*,,,...≈...@...≈..#.#
, , ...≈.......≈....#
*, ,
,,...≈.......≈....###*
..#≈#.....#≈#.#.<.# *
, . #≈≈≈≈≈≈≈≈≈#.#.#.#
, ,**
###.....###...#.# ** ,
* ...........#>#.#*, ,
, ###.#.##.####..>., ,
# ##.#............. ,


You could see vlad's ghost.

Vanquished Creatures
  Sigmund (D:3)
  An orc warrior (D:6)
  A hippogriff (Temple)
  Duvessa (D:6)
  A black bear (D:6)
  2 ogres (D:6)
  3 phantoms
  Blork the orc (D:5)
  3 giant frogs
  3 scorpions
  Dowan (D:6)
  5 killer bees
  A giant frog zombie (D:5)
  3 wights (D:6)
  A crimson imp (D:6)
  2 hounds
  A giant frog skeleton (D:4)
  A jelly (D:6)
  An orc wizard (D:6)
  Jessica (D:3)
  Natasha (twice) (D:3)
  An iguana (D:6)
  3 worker ants (D:4)
  3 gnolls (D:7)
  5 adders
  A shadow imp (D:4)
  6 worms
  5 giant geckos
  7 orcs (D:4)
  3 bat zombies
  4 giant cockroaches
  6 goblins
  15 hobgoblins
  7 jackals (D:1)
  2 quokkas
  2 ball pythons
  14 bats
  5 giant newts
  7 kobolds
  11 rats
143 creatures vanquished.

Vanquished Creatures (collateral kills)
  Menkaure (D:4)
  An orc wizard (D:6)
  A giant frog skeleton (D:6)
  An orc (D:6)
4 creatures vanquished.

Vanquished Creatures (others)
  A goblin (D:4)
1 creature vanquished.

Grand Total: 148 creatures vanquished

Notes
Turn   | Place    | Note
--------------------------------------------------------------
     0 | D:1      | DarthRa the Deep Dwarf Artificer began the quest for the Orb.
     0 | D:1      | Reached XP level 1. HP: 16/16 MP: 3/3
   210 | D:1      | Reached XP level 2. HP: 10/24 MP: 5/5
   796 | D:2      | Reached skill level 1 in Armour
   912 | D:2      | Reached XP level 3. HP: 22/30 MP: 6/6
  1536 | D:3      | Noticed Jessica
  1543 | D:3      | Killed Jessica
  1543 | D:3      | Reached XP level 4. HP: 20/37 MP: 7/7
  1755 | D:3      | Noticed Natasha
  1772 | D:3      | Killed Natasha
  1774 | D:3      | Noticed Sigmund
  1833 | D:3      | Noticed Natasha
  1833 | D:3      | Noticed Natasha
  1833 | D:3      | Natasha changed into Natasha the giant gecko
  1835 | D:3      | Killed Natasha the giant gecko
  1845 | D:3      | Killed Sigmund
  1845 | D:3      | Reached skill level 5 in Dodging
  1845 | D:3      | Reached XP level 5. HP: 22/43 MP: 8/8
  1845 | D:3      | Reached XP level 6. HP: 25/50 MP: 9/9
  1892 | D:3      | Found a stormy altar of Qazlal.
  2029 | D:3      | Noticed Natasha
  2030 | D:3      | Killed Natasha
  2472 | D:3      | Found a white marble altar of Elyvilon.
  2813 | D:4      | Noticed Menkaure
  2826 | D:4      | Killed Menkaure
  2826 | D:4      | Reached skill level 5 in Armour
  3096 | D:4      | Reached skill level 6 in Armour
  3228 | D:4      | Reached XP level 7. HP: 24/56 MP: 10/10
  3408 | D:4      | Reached skill level 7 in Armour
  4159 | D:5      | Entered Level 5 of the Dungeon
  4196 | D:5      | Found a bloodstained altar of Trog.
  4270 | D:5      | Reached skill level 8 in Armour
  4496 | D:5      | Noticed Blork the orc
  4507 | D:5      | Killed Blork the orc
  4507 | D:5      | Reached XP level 8. HP: 36/63 MP: 10/10
  4543 | D:5      | Reached skill level 9 in Armour
  4969 | D:5      | Found a shattered altar of Ashenzari.
  5289 | D:6      | Reached skill level 10 in Armour
  5521 | D:6      | Reached skill level 11 in Armour
  5590 | D:6      | HP: 2/63 [ogre/giant club (15)]
  5663 | D:6      | Gained mutation: You passively map the area around you. [Deep Dwarf growth]
  5663 | D:6      | Reached XP level 9. HP: 33/69 MP: 10/10
  5856 | D:6      | Found a burning altar of Makhleb.
  5942 | D:6      | Found a glowing golden altar of the Shining One.
  5942 | D:6      | Noticed Dowan
  5943 | D:6      | Noticed Duvessa
  5950 | D:6      | Killed Dowan
  5959 | D:6      | Killed Duvessa
  6048 | D:7      | Reached skill level 12 in Armour
  6127 | D:7      | Noticed vlad's ghost (experienced TrMo)
  6146 | D:7      | HP: 2/69 [vlad's ghost (13)]
  6167 | D:7      | Found a staircase to the Ecumenical Temple.
  6192 | Temple   | Entered the Ecumenical Temple
  6235 | Temple   | Became a worshipper of Nemelex Xobeh the Trickster
  6256 | Temple   | Received a gift from Nemelex Xobeh
  6300 | D:7      | Slain by vlad's ghost

Vault maps used:
D:1:      roderic_dead_forest, minivault_19
D:3:      elyvilon_altar_4, nicolae_qazlal_general_emergency, eino_tiny_chamber,
          hangedman_feature_mirror, dk_vineyard_3, uniq_sigmund, uniq_natasha,
          uniq_jessica
D:4:      first_bread, uniq_menkaure
D:5:      bloody_trog, lemuel_doored_altar, dk_noncrumbling_4,
          uniq_blork_the_orc
D:6:      lemuel_round_altar, lemuel_round_altar, uniq_duvessa
D:7:      kennysheep_mini_moat, minmay_temple_entry_water_ring
Temple:   temple_eino_lava_12

Action                   |  1- 3 |  4- 6 |  7- 9 || total
-------------------------+-------+-------+-------++-------
Melee: Short sword       |    63 |       |       ||    63
       Spear             |    45 |       |       ||    45
       Whip              |    25 |   137 |   232 ||   394
       Falchion          |       |       |   136 ||   136
       Rapier            |       |       |    35 ||    35
       Battleaxe         |       |       |    26 ||    26
Throw: Javelin           |    20 |    30 |    32 ||    82
       Throwing net      |     3 |     2 |       ||     5
       Stone             |    13 |    97 |   119 ||   229
 Abil: Device Recharging |       |       |     4 ||     4
Evoke: Wand              |     1 |    44 |    42 ||    87
  Use: Potion            |       |     5 |     7 ||    12
       Scroll            |       |     3 |     1 ||     4
 Stab: Held in net/web   |     1 |     1 |       ||     2
       Sleeping          |     1 |     1 |       ||     2
       Paralysed         |       |       |    53 ||    53
       Invisible         |       |       |     3 ||     3
  Eat: Chunk             |     2 |     5 |    12 ||    19
